 Dungeon Crawl Stone Soup version 0.28-a0-1206-g193881aaa2 (webtiles) character file.

Game seed: 2326013067731974526

90 bluesam3 the Cudgeller (level 4, -4/41 HPs)
             Began as a Minotaur Berserker on Dec 20, 2021.
             Was a Believer of Trog.
             Killed from afar by Sigmund (8 damage)
             ... with a puff of flame
             ... on level 3 of the Dungeon.
             The game lasted 00:07:37 (2231 turns).

bluesam3 the Cudgeller (Minotaur Berserker)         Turns: 2231, Time: 00:07:37

Health: -4/41      AC: 11    Str: 24    XL:     4   Next: 32%
Magic:  3/3        EV:  7    Int:  4    God:    Trog [**....]
Gold:   148        SH:  0    Dex:  9    Spells: 3/3 levels left

rFire   . . .      SeeInvis .   a - +0 mace
rCold   . . .      Faith    .   (no shield)
rNeg    . . .      Spirit   .   b - +0 plate armour
rPois   .          Reflect  .   (helmet restricted)
rElec   .          Harm     .   (no cloak)
rCorr   .          Rampage  .   (no gloves)
Will    .....                   (no boots)
Stlth   ..........              d - amulet of magic regeneration
HPRegen 0.13/turn               (no ring)
MPRegen 0.48/turn               (no ring)

@: on berserk cooldown, slowed, very slow
A: horns 2, retaliatory headbutt
a: Renounce Religion, Berserk, Trog's Hand


You were on level 3 of the Dungeon.
You worshipped Trog.
Trog was pleased with you.
You visited 1 branch of the dungeon, and saw 3 of its levels.

You collected 148 gold pieces.

Inventory:

Hand Weapons
 a - a +0 mace (weapon)
Armour
 b - a +0 plate armour (worn)
Jewellery
 d - an amulet of magic regeneration (around neck)
Scrolls
 e - 3 scrolls of identify {unknown}
 f - a scroll of holy word {unknown}
 g - a scroll of enchant weapon {unknown}
 h - a scroll of fog {unknown}
Potions
 c - a potion of invisibility {unknown}
 i - a potion of attraction {unknown}


   Skills:
 - Level 4.3 Fighting
 + Level 5.5 Maces & Flails
 - Level 2.6 Armour
 - Level 2.3 Dodging


You had 3 spell levels left.
You didn't know any spells.
Your spell library was empty.

Dungeon Overview and Level Annotations

Branches:
Dungeon (3/15)

Altars:

Annotations:
D:3 Sigmund


Innate Abilities, Weirdness & Mutations

You have a pair of horns on your head.
You reflexively headbutt those who attack you in melee.


Message History

The orc is severely wounded.
The orc hits you but does no damage. Something hits you.
The orc barely misses you.
You hit the orc. Your headbutt misses the orc.
The orc is almost dead.
The orc hits you but does no damage. Something hits you!
The orc closely misses you. You furiously retaliate!
You headbutt the orc!
You kill the orc!
Trog accepts your kill. Something hits you but does no damage.
You see here a +0 dagger.
Found a scroll labelled PAPALEE WOPN.
You hear a zap.
A puff of flame appears from out of thin air!
The puff of flame hits you.
Things that are here:
a +0 club; a +0 ring mail; a fizzy grey potion You barely miss something.
You hear some strange, mumbled words.
A magic dart appears from out of thin air!
The magic dart hits you but does no damage.
Something hits you but does no damage.
You barely miss something. You headbutt something. Something hits you.
You hit something. Your headbutt misses something. Something hits you.
You thump something!
You hear a zap.
A puff of flame appears from out of thin air!
The puff of flame misses you. Something hits you but does no damage.
You hit something but do no damage. Something hits you!
* * * LOW HITPOINT WARNING * * *
You hit something.
You hear a zap.
A puff of flame appears from out of thin air!
The puff of flame hits you.
* * * LOW HITPOINT WARNING * * *
You hit something. You headbutt something.
You hear some strange, mumbled words.
A puff of flame appears from out of thin air!
The puff of flame hits you!
You die...

?# . .###### >..[.#.. .
......# .....#..####.#
......# ...........#'#
......#
.....####....####......#
.....##.......##{......#
.....##........)@#
.....#†..|..##.###
)....#...#..#...####
#†..................#
....##.##.....##.##..
..###.#.##.#.##.#.#
..#:.. ...###.. .?#
..###.#.##.#.##.# ##
....##.##.)...##.#


There were no monsters in sight!

Vanquished Creatures
  An adder (D:2)
  2 worms (D:2)
  3 dart slugs
  4 orcs (D:3)
  7 bats
  5 endoplasms
  7 goblins
  9 hobgoblins
  A jackal (D:2)
  6 kobolds
  4 quokkas
  3 ball pythons
  2 frilled lizards
  7 rats
61 creatures vanquished.

Notes
Turn   | Place    | Note
-------+----------+-------------------------------------------
     0 | D:1      | bluesam3 the Minotaur Berserker began the quest for the
                  | Orb.
     0 | D:1      | Reached XP level 1. HP: 19/19 MP: 0/0
   268 | D:1      | Reached XP level 2. HP: 27/27 MP: 1/1
   273 | D:1      | Reached skill level 4 in Maces & Flails
   556 | D:1      | Found a faded altar of an unknown god.
  1143 | D:2      | Reached XP level 3. HP: 33/34 MP: 2/2
  1265 | D:2      | Reached ** piety under Trog
  1475 | D:2      | Reached skill level 5 in Maces & Flails
  1800 | D:2      | Reached XP level 4. HP: 41/41 MP: 3/3
  2207 | D:3      | Noticed Sigmund
  2231 | D:3      | Killed from afar by Sigmund

Illustrated notes

Levels and vault maps discovered:
D:1:      dpeg_arrival_boxorama, layout_loops_ring,
          dreamdust_ecumenical_altar_hidden_monk_grotto, minmay_cupped
D:2:      layout_basic, minmay_tromino_v7
D:3:      layout_rooms, xom_redecorated, serial_shops,
          nicolae_shop_behind_doors, chequers_arboretum, grunt_ministairs_14,
          minmay_ruptured, uniq_sigmund

Skill      XL: |  1  2  3 |
---------------+----------+-----
Fighting       | 4 |  4.3
Maces & Flails | 4 5 |  5.5
Armour         | |  2.6
Dodging        | |  2.3

Action                   |  1- 3 |  4- 6 || total
-------------------------+-------+-------++-------
Melee: Mace              |    85 |    42 ||   127
       Headbutt          |    12 |     7 ||    19
Invok: Berserk           |       |     1 ||     1
Armor: Animal skin       |     1 |       ||     1
       Leather armour    |     4 |       ||     4
       Plate armour      |    21 |    40 ||    61
       Ring mail         |     1 |       ||     1
Dodge: Dodged            |    45 |    17 ||    62

Table legend: (Time is in decaauts)
 A = Elapsed time spent in this place.
 B = Non-inter-level travel time spent in this place.
 C = Inter-level travel time spent in this place.
 D = Time resting spent in this place.
 E = Time spent auto-exploring this place.
 F = Levels seen in this place.
 G = Mean time per level.
                   A        B        C        D        E       F      G
               +--------+--------+--------+--------+--------+-----+--------+
         Total |   2254 |   2166 |     88 |      0 |   1798 |   3 |  751.3 |
       Dungeon |   2254 |   2166 |     88 |      0 |   1798 |   3 |  751.3 |
               +--------+--------+--------+--------+--------+-----+--------+

Top non-repeatable levels by time:
     D:1: 1120 daAuts
     D:2: 1013 daAuts
     D:3: 120 daAuts
